 Dungeon Crawl Stone Soup version 0.20-a0-444-g3734ce0 (webtiles) character file.

28 removeelyvilon the Insei (level 2, -1/21 HPs)
             Began as a Cyno Transmuter on Jan 10, 2017.
             Slain by an adder (2 damage)
             ... on level 1 of the Dungeon.
             The game lasted 00:02:01 (1034 turns).

removeelyvilon the Insei (Cyno Transmuter)          Turns: 1034, Time: 00:02:02

Health: -1/21      AC:  2    Str:  7    XL:     2   Next: 96%
Magic:  1/5        EV: 12    Int: 10    God:
Gold:   31         SH:  0    Dex: 10    Spells: 3/6 levels left

rFire  . . .     SeeInvis .       - Unarmed
rCold  . . .     Gourm    .     b - +0 robe
rNeg   . . .     Faith    .     (no shield)
rPois  .         Spirit   .     (no helmet)
rElec  .         Reflect  .     (no cloak)
rCorr  .         Harm     .     (no gloves)
MR     .....                    (boots currently unavailable)
Stlth  +.........               (no amulet)
                                (no ring)
                                (no ring)

@: lethally poisoned (-1 -> -4), appendage (expiring)
A: limited potential, talons 3
a: End Transformation


You were on level 1 of the Dungeon.
You were not hungry.
You had grown temporary talons.
You visited 1 branch of the dungeon, and saw 1 of its levels.

You collected 31 gold pieces.

Inventory:

Missiles
 a - 24 arrows
Armour
 b - a +0 robe (worn)
Scrolls
 e - 2 scrolls of identify {unknown}
 f - 2 scrolls of immolation {unknown}
 h - a scroll of blinking {unknown}
 i - a scroll of remove curse {unknown}
 k - a scroll of fog {unknown}
Books
 c - a book of Changes

   Spells                             Type                      Level
   a - Beastly Appendage              Transmutation                1
   b - Sticks to Snakes               Transmutation                2
   c - Spider Form                    Transmutation/Poison         3
   d - Ice Form                       Ice/Transmutation            4
   e - Blade Hands                    Transmutation                5
Comestibles
 d - a bread ration
 g - 6 chunks of flesh


   Skills:
 - Level 1.2 Fighting
 - Level 2.4 Dodging
 + Level 5.0 Unarmed Combat
 - Level 2.6 Spellcasting
 - Level 2.4 Transmutations


You had 3 spell levels left.
You knew the following spells:

 Your Spells              Type           Power        Failure   Level  Hunger
a - Beastly Appendage     Tmut           #.....       12%         1    ##.....
b - Sticks to Snakes      Tmut           #.......     17%         2    ###....


Dungeon Overview and Level Annotations

Branches:
Dungeon (1/15)

Altars:


Innate Abilities, Weirdness & Mutations

You have limited potential (max skill of 14).
You have claws for feet.


Message History

The adder is heavily wounded.
Your transformation is almost over.
The adder closely misses you. The adder misses you.
You closely miss the adder.
The adder is heavily wounded.
The adder bites you.
You are poisoned.
The adder poisons you!
You closely miss the adder.
The adder is heavily wounded.
You feel sick. The adder bites you.
You hit the adder. Your kick misses the adder.
The adder is severely wounded.
The adder bites you.
* * * LOW HITPOINT WARNING * * *
You hit the adder.
The adder is almost dead.
* * * LOW HITPOINT WARNING * * *
You feel sick. The adder bites you.
You die...

..># .#.# .#.##
.#..# .#..# .#..#
.#..# .#..#
############ ....#
.........S@#
.(.#############.#
.................#
...###############
.#.# .#.# ##.# #.#
#.#


You could see an adder.

Vanquished Creatures
  A leopard gecko (D:1)
  A giant cockroach (D:1)
  3 goblins (D:1)
  4 hobgoblins (D:1)
  A ball python (D:1)
  2 bats (D:1)
  2 frilled lizards (D:1)
  3 kobolds (D:1)
  2 rats (D:1)
19 creatures vanquished.

Vanquished Creatures (collateral kills)
  A gnoll (D:1)
1 creature vanquished.

Grand Total: 20 creatures vanquished

Notes
Turn   | Place    | Note
-------+----------+-------------------------------------------
     0 | D:1      | removeelyvilon the Cyno Transmuter began the quest for the Orb.
     0 | D:1      | Reached XP level 1. HP: 15/15 MP: 4/4
    60 | D:1      | Reached skill level 4 in Unarmed Combat
   492 | D:1      | Reached XP level 2. HP: 21/21 MP: 2/5
   584 | D:1      | Learned a level 2 spell: Sticks to Snakes
   839 | D:1      | Reached skill level 5 in Unarmed Combat
  1034 | D:1      | HP: 1/21 [poisoned by an adder]
  1034 | D:1      | Slain by an adder

Vault maps used:
D:1:      saegor_arrival_simple_d

Skill      XL: |  1  2 |
---------------+-------+-----
Unarmed Combat | 4 5 |  5.0
Fighting       | |  1.2
Dodging        | |  2.4
Spellcasting   | |  2.6
Transmutations | |  2.4

Action                   || total
-------------------------++-------
Melee: Unarmed           ||    66
       Headbutt          ||     3
       Kick              ||     1
 Cast: Beastly Appendage ||    14
       Sticks to Snakes  ||     5
  Use: Potion            ||     2
  Eat: Chunk             ||     1
Armor: Robe              ||     4
Dodge: Dodged            ||    44
